Map: Chantier naval orbital

Players

viag

  • Race: Zerg Zerg
  • League: Platinum

Vattanah - Winner!

  • Race: Protoss Protoss

VOD

Have the link to the VOD?

Description

Time

  • Played on: Nov. 24, 2015, 2:09 p.m.
  • Length: 14:02
Show
View Real Time Build Order
Export as new Build Order

viag Zerg 

Build Orders: Hatch First 

Get SALT Encoding   

  12  0:01  Drone  
  13  0:12  Overlord  
  13  0:20  Drone  
  14  0:25  Extractor  
  14  0:26  Drone  
  15  0:32  Drone  
  16  0:35  Drone  
  17  0:45  Drone  
  18  0:56  Drone  
  19  1:00  Hatchery  
  18  1:12  Spawning Pool  
  18  1:14  Drone  
  18  1:17  Drone  
  19  1:21  Extractor  
  18  1:29  Drone  
  19  1:39  Drone  
  20  1:52  Drone  
  21  1:57  Hatchery  
  21  2:00  Overlord  
  20  2:05  Queen  
  22  2:11  Drone  
  23  2:18  Queen  
  25  2:28  Metabolic Boost  
  25  2:31  Drone  
  25  2:32  Drone  
  25  2:35  Drone  
  28  2:39  Drone  
  28  2:43  Drone  
  30  2:45  Drone  
  31  2:53  Zergling x2  
  32  2:59  Zergling x2  
  32  3:00  Zergling x2  
  32  3:05  Drone  
  35  3:09  Queen  
  37  3:13  Drone x2  
  37  3:15  Drone x3  
  42  3:22  Overlord x2  
  42  3:32  Overlord  
  42  3:38  Overlord  
  42  3:41  Zergling x10  
  44  3:45  Spore Crawler  
  44  3:46  Spore Crawler  
  44  3:47  Drone x4  
  49  3:53  Extractor  
  49  3:54  Extractor  
  47  3:57  Drone x4  
  51  4:08  Roach Warren  
  50  4:10  Drone x4  
  50  4:14  Drone x2  
  56  4:18  Drone x2  
  57  4:29  Drone x7  
  64  4:39  Drone x5  
  64  4:41  Lair  
  69  4:50  Evolution Chamber  
  69  4:51  Evolution Chamber  
  69  4:52  Drone x4  
  65  5:10  Roach x2  
  65  5:11  Roach x3  
  65  5:12  Overlord x3  
  74  5:15  Zerg Missile Weapons Level 1  
  74  5:22  Extractor  
  74  5:23  Drone, Extractor  
  74  5:24  Overlord  
  74  5:25  Overlord, Extractor  
  72  5:29  Zerg Ground Armor Level 1  
  72  5:30  Zergling x2  
  72  5:31  Zergling x10  
  72  5:33  Ravager  
  79  5:43  Ravager  
  79  5:47  Spore Crawler  
  79  5:50  Overseer  
  79  6:08  Zergling x2  
  79  6:09  Zergling x26  
  93  6:14  Overlord x2  
  93  6:23  Overlord x2  
  93  6:28  Hatchery, Drone x5  
  97  6:33  Hatchery  
  97  6:37  Ravager  
  97  6:38  Ravager x2  
  97  6:39  Roach  
  105  6:40  Roach x2  
  105  6:42  Queen  
  105  6:45  Queen  
  105  6:46  Queen  
  111  7:04  Roach  
  111  7:05  Roach x8  
  125  7:18  Queen  
  123  7:23  Zerg Ground Armor Level 2, Zerg Missile Weapons Level 2  
  110  8:15  Queen  
  110  8:16  Drone x17  
  128  8:30  Roach x10  
  128  8:31  Overlord x2  
  148  8:44  Spore Crawler  
  147  8:53  Overlord  
  147  8:55  Extractor  
  147  8:56  Roach  
  147  8:57  Roach x8  
  147  8:59  Overlord x4  
  147  9:00  Overlord x2  
  147  9:01  Hydralisk Den  
  163  9:36  Hydralisk x14  
  163  9:37  Hydralisk x4  
  194  9:59  Infestation Pit  
  193  10:00  Extractor  
  192  10:12  Ravager  
  192  10:13  Ravager x2  
  192  10:14  Ravager x7  
  200  10:15  Ravager  
  195  10:38  Overseer  
  195  10:39  Hive  
  132  11:54  Hydralisk x9  
  109  11:55  Infestor, Roach  
  109  11:56  Infestor x3  
  114  12:15  Ultralisk Cavern  
  114  12:17  Hydralisk x2  
  114  12:18  Evolution Chamber, Hydralisk x18  
  152  12:35  Lurker Den  
  152  12:40  Pathogen Glands  
  117  13:05  Roach x10  
  99  13:06  Roach x15  
  116  13:32  Ravager x2  
  112  13:34  Zergling x2  
  112  13:35  Zergling x26  
Show
View Real Time Build Order
Export as new Build Order

Vattanah Protoss - Winner!

Build Orders: 1 Gate Expand, Double Forge 

Get SALT Encoding   

  12  0:01  Probe (Chrono Boost)  
  13  0:12  Probe (Chrono Boost)  
  14  0:17  Pylon  
  14  0:22  Probe (Chrono Boost)  
  15  0:36  Probe (Chrono Boost)  
  15  0:39  Gateway  
  16  0:46  Probe (Chrono Boost), Assimilator  
  17  1:00  Probe (Chrono Boost)  
  18  1:11  Probe (Chrono Boost)  
  19  1:21  Probe (Chrono Boost)  
  20  1:31  Nexus  
  20  1:34  Probe (Chrono Boost)  
  21  1:40  Cybernetics Core  
  21  1:48  Pylon  
  21  1:51  Probe (Chrono Boost)  
  23  2:01  Probe (Chrono Boost)  
  24  2:17  Warp Gate  
  24  2:19  Mothership Core (Chrono Boost)  
  25  2:26  Pylon  
  25  2:31  Assimilator  
  25  2:37  Gateway x2, Probe (Chrono Boost)  
  26  2:46  Probe (Chrono Boost)  
  27  2:56  Probe (Chrono Boost)  
  27  2:57  Probe (Chrono Boost)  
  29  2:59  Forge  
  29  3:06  Probe (Chrono Boost)  
  29  3:07  Probe (Chrono Boost)  
  31  3:17  Probe (Chrono Boost)  
  31  3:18  Probe (Chrono Boost)  
  33  3:27  Probe (Chrono Boost)  
  33  3:30  Probe (Chrono Boost)  
  35  3:38  Probe (Chrono Boost)  
  35  3:40  Probe (Chrono Boost)  
  37  3:41  Protoss Ground Weapons Level 1  
  37  3:45  Pylon  
  37  3:51  Probe x2 (Chrono Boost)  
  37  3:53  Robotics Facility  
  39  4:01  Probe (Chrono Boost)  
  39  4:02  Probe (Chrono Boost)  
  41  4:14  Pylon  
  41  4:16  Probe x2 (Chrono Boost)  
  43  4:19  Assimilator  
  43  4:22  Stalker x2  
  43  4:23  Stalker  
  49  4:25  Assimilator  
  49  4:28  Probe x2 (Chrono Boost)  
  49  4:40  Observer  
  49  4:43  Probe (Chrono Boost), Pylon  
  49  4:44  Probe (Chrono Boost)  
  52  4:51  Stalker x3  
  58  4:57  Forge  
  58  5:02  Twilight Council  
  58  5:09  Probe x2 (Chrono Boost)  
  60  5:20  Probe x2 (Chrono Boost)  
  62  5:33  Protoss Ground Weapons Level 2 (Chrono Boost)  
  62  5:38  Probe x2 (Chrono Boost)  
  62  5:42  Protoss Ground Armor Level 1 (Chrono Boost)  
  64  5:49  Probe x2  
  66  6:06  Blink  
  65  6:13  Robotics Bay  
  65  6:15  Stalker  
  65  6:16  Stalker x2, Nexus  
  71  6:18  Pylon  
  71  6:26  Gateway  
  71  6:27  Gateway  
  71  6:29  Probe x2  
  73  6:33  Nexus  
  73  6:35  Pylon  
  73  6:41  Probe x2  
  73  6:43  Immortal (Chrono Boost)  
  78  7:03  Stalker x3  
  78  7:06  Probe x2  
  86  7:16  Robotics Facility  
  86  7:20  Pylon  
  86  7:28  Probe x2, Immortal (Chrono Boost)  
  92  7:31  Stalker x3  
  98  7:37  Protoss Ground Armor Level 2  
  98  7:55  Protoss Ground Weapons Level 3  
  98  7:57  Gateway  
  97  7:59  Gateway x2  
  97  8:03  Immortal (Chrono Boost)  
  100  8:06  Stalker x4  
  108  8:24  Assimilator  
  108  8:28  Assimilator  
  108  8:29  Pylon  
  108  8:31  Pylon  
  108  8:34  Probe  
  109  8:40  Gateway  
  109  8:41  Gateway  
  109  8:42  Gateway  
  109  8:43  Gateway  
  109  8:47  Probe x2  
  109  8:48  Disruptor (Chrono Boost)  
  117  8:51  Immortal (Chrono Boost)  
  118  9:10  Charge  
  118  9:17  Zealot x3  
  118  9:23  Pylon  
  124  9:25  Pylon  
  124  9:28  Pylon  
  124  9:41  Disruptor (Chrono Boost)  
  131  9:47  Immortal (Chrono Boost)  
  131  9:49  Sentry x5  
  131  9:50  Sentry, Nexus  
  131  9:51  Pylon  
  140  9:55  Zealot x4  
  148  10:05  Pylon  
  148  10:06  Pylon  
  148  10:07  Pylon  
  148  10:20  Immortal (Chrono Boost)  
  156  10:24  Immortal (Chrono Boost)  
  156  10:50  Protoss Ground Armor Level 3  
  156  10:51  Protoss Shields Level 1  
  156  10:54  Immortal (Chrono Boost)  
  160  10:57  Stalker x4  
  160  10:58  Zealot x4  
  160  10:59  Immortal (Chrono Boost), Assimilator  
  180  11:05  Assimilator  
  176  11:15  Pylon  
  176  11:16  Pylon  
  162  11:20  Stalker x6  
  162  11:21  Stalker  
  151  11:39  Immortal x2 (Chrono Boost)  
  149  11:41  Stalker x2  
  149  11:42  Stalker  
  149  11:50  Stalker x2  
  141  12:02  Pylon  
  141  12:06  Stalker x4  
  147  12:33  Nexus  
  147  12:36  Pylon  
  125  13:09  Zealot x2  
  125  13:10  Zealot x9  
  125  13:11  Zealot  
  145  13:36  Stalker x4  
  145  13:37  Stalker x4  
  153  13:59  Stalker x4  
  153  14:00  Stalker x2  
Tags
 
Add a new tag
Caveats
  • Supply blocks, unpowered buildings, or Contaminate may cause inaccurate times.
  • Supply counts are checked every 10 seconds.